← All builds
Tech / Armada / Economy first / OBSERVED BUILD

Standard tech

Armada Tech (Eco) build order · Supreme Isthmus

Rushes T2 factory and T2 constructor early, upgrades team mexes, and supplies the team with T2 constructors while transitioning into eco and defensive units.

Usually first T2 con to Geo (82%)

#t2 #eco #team support · 1791 distinct matches · 273 players · 60% of Armada Tech games · team won 54% of 2118 · Recently observed

HOW TO PLAY IT

Key timing: T2 factory by 4:15

  1. Open 3 mex and heavy wind to fund a fast T2 rush.
  2. Put down Bot Lab, planning to eat it for reclaim soon after.
  3. Get Advanced Bot Lab up, hitting the T2 factory rush timing.
  4. Upgrade mex to Advanced Metal Extractor to lock in team metal income.
  5. Eat Advanced Bot Lab and keep sending cons to Geo and Pond.

Phase by phase

TYPICAL OF ITS 1791 GAMES
  1. 1
  2. 2
  3. 3
  4. 4
PLAY THE OPENING

Follow the example game's first 6:00 step by step: what to build now, what comes next, and where it goes. At 1× it keeps pace with your own game.

  1. 1

    Up to the Bot Lab

    Economy
    • Metal Extractor3Mex
    • Wind Turbine4Wind
    Order
    1. Bot LabBot Lab after 3 mex, 4 winddone ~1:18, middle half 1:13–1:32

    Some games also: energy storage (32%)

    By 1:01 in all: 3 mex · 4 wind

    The example game in this phase · 3 steps
    1. Mex ×3
    2. Wind ×3
    3. Bot LabBot Labdone 1:17 · typical 1:18
  2. 2

    Bot Lab to Advanced Bot Lab

    Economy
    • Metal Extractor1Mex
    • Wind Turbine8Wind
    • Energy Storage1Energy storage
    Order
    1. Advanced Bot LabAdvanced Bot Lab after 4 mex, 12 wind, 3 con turretdone ~4:16, middle half 4:04–4:30
    Builders
    • Construction Turret3 Con turret
    • Lazarus3 Lazarus
    • Construction Bot2 Con bot
    • Construction Bot1 Con bot for allies

    Some games also: converter (36%)

    By 3:18 in all: 4 mex · 12 wind · 1 energy storage · 3 con turret

    The example game in this phase · 24 steps
    1. Wind
    2. LazarusLazarus
    3. Wind
    4. LazarusLazarus
    5. Wind
    6. LazarusLazarus
    7. Wind
    8. LazarusLazarusfor Geo sea
    9. Wind
    10. Construction BotCon bot
    11. Construction BotCon botfor Air
    12. Construction BotCon bot
    13. Energy storage
    14. Con turret
    15. Mex
    16. CrossbowCrossbow
    17. Con turret ×2
    18. Wind ×8
    19. Converter
    20. Wind
    21. Converter
    22. Wind ×3
    23. Converter
    24. Advanced Bot LabAdvanced Bot Labdone 5:16 · typical 4:16
  3. 3

    Advanced Bot Lab to 5:00

    Economy
    • Wind Turbine3Wind
    Order
    1. Bot LabEat Bot Lab
    Builders
    • Advanced Construction Bot1 T2 con bot for allies

    Some games also: converter (35%)

    By 5:00 in all: 4 mex · 15 wind · 1 converter · 1 energy storage · 3 con turret

    The example game in this phase · 3 steps
    1. Wind ×2
    2. Bot LabEat Bot Labreclaimed for its metal
    3. Wind ×6
  4. 4

    5:00 to 10:00

    Economy
    • Wind Turbine43Wind
    • Energy Converter6Converter
    Builders
    • Butler9 Butler
    • Advanced Construction Bot4 T2 con bot for allies
    • Advanced Construction Bot1 T2 con bot

    Some games also: con turret (42%) · Butler for allies (36%)

    By 10:00 in all: 4 mex · 59 wind · 8 converter · 1 energy storage · 3 con turret

    The example game in this phase · 178 steps
    1. Wind ×2
    2. Advanced Construction BotT2 con botfor Geo
    3. Wind
    4. Advanced Metal ExtractorT2 mex ×2done 5:58 · typical 5:28
    5. Advanced Construction BotT2 con botfor Air
    6. Advanced Metal ExtractorT2 mex
    7. Advanced Construction BotT2 con botfor Geo sea
    8. ButlerButler
    9. Advanced Metal ExtractorT2 mex
    10. FatboyFatboyfor Ponddone 8:15
    11. Wind
    12. Advanced Construction BotT2 con botfor Beach sea
    13. Wind ×2
    14. Advanced Construction BotT2 con botfor Suicide front
    15. Wind ×2
    16. Advanced Construction BotT2 con bot
    17. Wind ×2
    18. Advanced Construction BotT2 con bot
    19. Wind
    20. ButlerButlerfor Geo sea
    21. Wind
    22. ButlerButlerfor Beach sea
    23. Wind
    24. ButlerButler
    25. Wind
    26. ButlerButler
    27. Wind
    28. ButlerButler
    29. ButlerButlerfor Geo sea
    30. Wind
    31. ButlerButlerfor Geo sea
    32. Wind
    33. CitadelAnti-nukedone 11:56
    34. ButlerButler
    35. Wind ×9
    36. ButlerButler
    37. Wind ×2
    38. ButlerButler
    39. Wind ×5
    40. Advanced Construction BotT2 con bot
    41. ButlerButler
    42. Converter
    43. Wind ×5
    44. ButlerButler
    45. Wind
    46. Converter
    47. Wind ×3
    48. Converter
    49. ButlerButler
    50. Wind ×2
    51. Converter
    52. Wind
    53. ButlerButlerfor Air
    54. Wind ×2
    55. ButlerButlerfor Air
    56. Converter
    57. Wind ×3
    58. ButlerButlerfor Air
    59. Wind ×2
    60. Converter
    61. Wind ×2
    62. Converter
    63. Wind ×5
    64. ButlerButler
    65. Wind
    66. Converter
    67. Wind ×2
    68. ButlerButler
    69. Wind ×18
    70. Converter
    71. Wind ×4
    72. Converter
    73. Wind ×3
    74. T2 converter
    75. Converter ×2
    76. Wind ×4
    77. Con turret
    78. Wind
    79. Converter
    80. Wind
    81. Converter
    82. Wind ×2
    83. Converter
    84. Wind ×3
    85. ButlerButler
    86. Converter
    87. Wind ×2
    88. Converter
    89. Wind ×2
    90. ButlerButler
    91. Converter
    92. Wind ×3
    93. Converter
    94. Wind
    95. Con turret
    96. Wind
    97. Converter
    98. Wind ×3
    99. Con turret
    100. Wind
    101. Converter ×2
    102. Wind ×2
    103. Con turret
    104. Wind ×2
    105. Converter
    106. Wind
    107. Con turret
    108. Wind
    109. Converter
    110. Con turret
    111. Wind ×3
    112. Converter
    113. Wind
    114. Converter
    115. Wind
    116. T2 converter
    117. Metal storage
    118. Wind ×2
    119. Converter
    120. Wind
    121. Converter
    122. Wind ×2
    123. Advanced Bot LabEat Advanced Bot Labreclaimed for its metal
    124. Wind
    125. Converter
    126. Wind ×3
    127. Converter
    128. Wind ×2
    129. Converter
    130. Wind ×2
    131. Advanced Fusion ReactorAdvanced Fusion Reactornot finished by 15:00
    132. Converter
    133. Wind ×2
    134. Converter
    135. Wind ×3
    136. T2 converter
    137. Converter
    138. Wind ×2
    139. Converter
    140. Wind ×3
    141. Converter
    142. Con turret
    143. Wind ×2
    144. Converter
    145. Wind ×4
    146. Converter ×2
    147. Wind ×3
    148. Con turret
    149. Wind ×2
    150. Converter
    151. Con turret
    152. Converter
    153. Wind ×5
    154. Converter ×2
    155. Wind ×4
    156. Converter ×2
    157. Wind ×5
    158. Converter
    159. Wind
    160. Converter
    161. Wind
    162. Con turret
    163. Wind ×3
    164. Con turret
    165. Converter ×2
    166. Wind
    167. Con turret
    168. Wind ×2
    169. T2 converter
    170. Wind
    171. Converter
    172. Wind
    173. Converter
    174. Wind ×4
    175. Converter
    176. Wind ×3
    177. Converter
    178. Wind ×2

Counts are medians over the build's games: half of them build more, half fewer. The example game is Mikasiki's (31 OS, 22/09/2026); pick another.

Team trades

IN AT LEAST 30% OF ITS GAMES

You hand over

  • Construction Bot1 Con bot to Airfirst at 2:23 · in 83% of games
  • Advanced Construction Bot5 T2 con bot to Air or Geo sea or Pondfirst at 4:51 · in 99% of games
  • Butler2 Butler to Geo sea or Beach sea or Pondfirst at 9:06 · in 42% of games

You get

  • Hercules1 Light transport from Airfirst at 4:01 · in 86% of games

How it plays out

Typical game of this build, running totals by minute

Metal produced

020k40k
0:005:0010:0015:00

metal

Enemy metal destroyed

050100
0:005:0010:0015:00

metal

Own metal lost

050100150
0:005:0010:0015:00

metal

2118 games.

Show as table
ByMetal produced: This buildEnemy metal destroyed: This buildOwn metal lost: This build
1:0038300
2:0091500
3:00165600
4:00314900
5:00484700
6:00580700
7:00724800
8:00908800
9:001121700
10:001354500
11:001626000
12:001968100
13:002346900
14:0027368074
15:003159092130
WHAT THE NUMBERS SAY

Standard Tech play barely fights at all early, instead pouring metal into T2 infrastructure and constructors for the team.

  • + Metal produced hits 31679 by 15:00, by far the highest of any role here.
  • + T2 factory reached in 97% of games by 4:15, fastest and most reliable T2 timing.
  • − Enemy metal destroyed stays at 0 through 10:00, no early offense at all.
  • − Own metal lost also near 0, showing total avoidance of combat risk.
THE EXAMPLE YOU ARE READING

Mikasiki

31.2 OS · 22/09/2026

Open source match ↗

2 received units
2562 metal received · 67187 energy received

Allied construction assistance is unknown. Timings are observations, not a promise of solo reproducibility.

Typical milestones

Bot Lab1:18Middle 50%: 1:13–1:32 · n=2118
Advanced Bot Lab4:16Middle 50%: 4:04–4:30 · n=2111
Advanced Metal Extractor5:28Middle 50%: 5:05–5:58 · n=2114

Played most by

Amrissa97games of this buildTheGeneraI70games of this buildAdeus62games of this buildUncle_Cane60games of this buildCrouxy54games of this build